 Dungeon Crawl Stone Soup version 0.28.0-45-g0d030f2227 (webtiles) character file.

Game seed: 1463946936848922823

81 thiscave3701365 the Chopper (level 4, -2/61 HPs)
             Began as a Gnoll Berserker on Apr 14, 2022.
             Was a Believer of Trog.
             Slain by Robin
             ... wielding a +0 falchion
              (5 damage)
             ... on level 2 of the Dungeon.
             The game lasted 00:01:39 (2036 turns).

thiscave3701365 the Chopper (Gnoll Berserker)       Turns: 2036, Time: 00:01:39

Health: -2/61      AC:  2    Str: 24    XL:     4   Next: 42%
Magic:  5/5        EV: 13    Int:  6    God:    Trog [**....]
Gold:   72         SH:  0    Dex: 12    Spells: 5/5 levels left

rFire   . . .      SeeInvis .   a - +0 hand axe
rCold   . . .      Faith    .   (no shield)
rNeg    . . .      Spirit   .   b - +0 animal skin
rPois   .          Reflect  .   (no helmet)
rElec   .          Harm     .   (no cloak)
rCorr   .          Rampage  .   (no gloves)
Will    .....                   (no boots)
Stlth   ..........              (no amulet)
HPRegen 0.20/turn               e - +6 ring of strength
MPRegen 0.09/turn               (no ring)

@: berserking, very quick
A: fangs 1, strong nose, distributed training
a: Renounce Religion, Berserk, Trog's Hand


You were on level 2 of the Dungeon.
You worshipped Trog.
Trog was pleased with you.
You visited 1 branch of the dungeon, and saw 2 of its levels.

You collected 72 gold pieces.

Inventory:

Hand Weapons
 a - a +0 hand axe (weapon)
Armour
 b - a +0 animal skin (worn)
Jewellery
 e - a +6 ring of strength (left hand)
Scrolls
 c - 2 scrolls of magic mapping {unknown}
 g - a scroll of teleportation {unknown}
 h - a scroll of identify {unknown}
Potions
 d - 2 potions of curing {unknown}
 f - a potion of heal wounds {unknown}


   Skills:
 + Level 6.6 Fighting
 + Level 1.1 Short Blades
 + Level 1.1 Long Blades
 + Level 6.6 Axes
 + Level 1.1 Maces & Flails
 + Level 1.1 Polearms
 + Level 1.1 Staves
 + Level 1.1 Slings
 + Level 1.1 Bows
 + Level 1.1 Crossbows
 + Level 1.1 Throwing
 + Level 4.6 Armour
 + Level 4.6 Dodging
 + Level 1.1 Stealth
 + Level 1.1 Shields
 + Level 1.1 Unarmed Combat
 + Level 1.1 Spellcasting
 + Level 0.9 Conjurations
 + Level 0.9 Hexes
 + Level 0.9 Summonings
 + Level 0.9 Necromancy
 + Level 0.9 Translocations
 + Level 0.9 Transmutations
 + Level 0.9 Fire Magic
 + Level 0.9 Ice Magic
 + Level 0.9 Air Magic
 + Level 0.9 Earth Magic
 + Level 0.9 Poison Magic
 + Level 1.2 Invocations
 + Level 1.1 Evocations


You had 5 spell levels left.
You didn't know any spells.
Your spell library was empty.

Dungeon Overview and Level Annotations

Branches:
Dungeon (2/15)

Altars:

Annotations:
D:2 Robin


Innate Abilities, Weirdness & Mutations

You have very sharp teeth.
Your uncanny sense of smell can sniff out nearby items.
Your experience applies equally to all skills.


Message History

There are monsters nearby!
You are too injured to fight recklessly!
A red film seems to cover your vision as you go berserk!
You feel yourself moving faster!
You feel mighty! The goblin hits you with a +0 club.
* * * LOW HITPOINT WARNING * * *
The goblin hits you with a +0 club.
* * * LOW HITPOINT WARNING * * *
Robin roars a battlecry!
The goblins go into a battle-frenzy!
The goblin barely misses you. x2; The goblin hits you with a +0 dagger.
* * * LOW HITPOINT WARNING * * *
You slash the goblin!
You kill the goblin!
Trog accepts your kill.
You hit the goblin. You closely miss the goblin. You slash the goblin!
You kill the goblin!
Trog accepts your kill.
You slash the goblin!
You kill the goblin!
Trog accepts your kill. The goblin misses you. The goblin closely misses you.
You closely miss the goblin.
The goblin is severely wounded.
You hit the goblin.
You feel the power of Trog in you as your rage grows.
You kill the goblin!
Trog accepts your kill. The goblin barely misses you.
You slash the hobgoblin!
You kill the hobgoblin!
Trog accepts your kill.
You hit the hobgoblin. You hit the goblin.
You kill the goblin!
Trog accepts your kill. The hobgoblin hits you.
* * * LOW HITPOINT WARNING * * *
You barely miss Robin. You barely miss the hobgoblin.
Robin hits you with a +0 falchion.
You die...

##########
#......... .#
#####[#########...#
#..............#
###.###.#####)##.#
###.......# #)@g.#
......###.#
#.)g...#
###.####..#
##.....# #.# #..#
#..#..... ##.##
#..# #..#....#
##.#.###..# ####
#...
..###.##..#######.#
..#
##.#.###..........#
.# ....##
#.########.# ###


You could see Robin and a hobgoblin (strong).

Vanquished Creatures
  2 adders (D:2)
  2 dart slugs (D:1)
  4 ball pythons
  9 endoplasms
  3 giant cockroaches (D:1)
  11 goblins
  3 hobgoblins
  2 quokkas
  2 bats
  4 frilled lizards
  9 kobolds
  5 rats
56 creatures vanquished.

Notes
Turn   | Place    | Note
-------+----------+-------------------------------------------
     0 | D:1      | thiscave3701365 the Gnoll Berserker began the quest for the
                  | Orb.
     0 | D:1      | Reached XP level 1. HP: 23/23 MP: 1/1
   174 | D:1      | Found a faded altar of an unknown god.
   334 | D:1      | Reached XP level 2. HP: 29/29 MP: 2/2
   992 | D:1      | Reached XP level 3. HP: 34/35 MP: 3/3
  1218 | D:1      | Reached ** piety under Trog
  1430 | D:2      | Reached skill level 1 in Invocations
  1584 | D:2      | Reached skill level 1 in Short Blades
  1584 | D:2      | Reached skill level 1 in Long Blades
  1584 | D:2      | Reached skill level 1 in Maces & Flails
  1584 | D:2      | Reached skill level 1 in Polearms
  1584 | D:2      | Reached skill level 1 in Staves
  1584 | D:2      | Reached skill level 1 in Slings
  1584 | D:2      | Reached skill level 1 in Bows
  1584 | D:2      | Reached skill level 1 in Crossbows
  1584 | D:2      | Reached skill level 1 in Throwing
  1584 | D:2      | Reached skill level 1 in Stealth
  1584 | D:2      | Reached skill level 1 in Shields
  1584 | D:2      | Reached skill level 1 in Unarmed Combat
  1584 | D:2      | Reached skill level 1 in Spellcasting
  1584 | D:2      | Reached skill level 1 in Evocations
  1752 | D:2      | Reached XP level 4. HP: 36/41 MP: 5/5
  2024 | D:2      | Noticed Robin
  2035 | D:2      | HP: 2/61 [hobgoblin[Robin] (4)]
  2036 | D:2      | Slain by Robin

Illustrated notes

Levels and vault maps discovered:
D:1:      dpeg_arrival_houses_and_road, layout_basic,
          ebering_ecumenical_altar_rust, minmay_tall_x
D:2:      layout_loops_ring, hangedman_decor_push, grunt_ministairs_11,
          uniq_robin

Skill      XL: |  1  2  3 |
---------------+----------+-----
Invocations    | 1 |  1.2
Short Blades   | 1 |  1.1
Long Blades    | 1 |  1.1
Maces & Flails | 1 |  1.1
Polearms       | 1 |  1.1
Staves         | 1 |  1.1
Slings         | 1 |  1.1
Bows           | 1 |  1.1
Crossbows      | 1 |  1.1
Throwing       | 1 |  1.1
Stealth        | 1 |  1.1
Shields        | 1 |  1.1
Unarmed Combat | 1 |  1.1
Spellcasting   | 1 |  1.1
Evocations     | 1 |  1.1
Fighting       | |  6.6
Axes           | |  6.6
Armour         | |  4.6
Dodging        | |  4.6
Conjurations   | |  0.9
Hexes          | |  0.9
Summonings     | |  0.9
Necromancy     | |  0.9
Translocations | |  0.9
Transmutations | |  0.9
Fire Magic     | |  0.9
Ice Magic      | |  0.9
Air Magic      | |  0.9
Earth Magic    | |  0.9
Poison Magic   | |  0.9

Action                   |  1- 3 |  4- 6 || total
-------------------------+-------+-------++-------
Melee: Hand axe          |    97 |    17 ||   114
       Bite              |     3 |       ||     3
       Punch             |     1 |       ||     1
Invok: Berserk           |     1 |     1 ||     2
 Stab: Sleeping          |     3 |       ||     3
Armor: Animal skin       |     6 |     2 ||     8
Dodge: Dodged            |    60 |    14 ||    74
